 Dungeon Crawl Stone Soup version 0.28-a0-1174-g766a6a42ef (webtiles) character file.

Game seed: 6990327394356101187

19556 Gwenloh the Stormcaller (level 12, -15/64 HPs)
             Began as a Tengu Air Elementalist on Dec 17, 2021.
             Was a Priest of Vehumet.
             Demolished by a death yak (17 damage)
             ... on level 2 of the Lair of Beasts.
             The game lasted 00:48:13 (17674 turns).

Gwenloh the Stormcaller (Tengu Air Elementalist)   Turns: 17674, Time: 00:48:13

Health: -15/64     AC:  9    Str: 14    XL:     12   Next: 70%
Magic:  22/27      EV: 16    Int: 21    God:    Vehumet [***...]
Gold:   170        SH:  0    Dex: 15    Spells: 8/31 levels left

rFire   . . .      SeeInvis .   B - +4 quarterstaff (chaos)
rCold   . . .      Faith    .   (shield currently unavailable)
rNeg    . . .      Spirit   .   s - +1 robe of Conscience {rElec rF- Regen+ Str+6}
rPois   .          Reflect  .   (helmet restricted)
rElec   +          Harm     .   C - +0 cloak
rCorr   .          Rampage  .   N - +0 pair of gloves
Will    .....                   (boots unavailable)
Stlth   ++........              (no amulet)
HPRegen 1.00/turn               k - +4 ring of protection
MPRegen 0.20/turn               q - ring of protection from fire

@: swift, flying quickly and evasively, very quick
A: beak, talons 3, nimble flight
a: Renounce Religion


You were on level 2 of the Lair of Beasts.
You worshipped Vehumet.
Vehumet was most pleased with you.
You visited 2 branches of the dungeon, and saw 13 of its levels.
You also visited: Volcano.

You collected 674 gold pieces.
You spent 504 gold pieces at shops.

Inventory:

Hand Weapons
 b - a +0 spear
 g - a +0 dagger of flaming
 B - a +4 quarterstaff of chaos (weapon)
Missiles
 M - a throwing net
Armour
 a - a +0 robe
 m - a +1 leather armour of willpower
 s - the +1 robe of Conscience (worn) {rElec rF- Regen+ Str+6}
   (You found it on level 4 of the Dungeon)

   Str:       It affects your strength (+6).
   rF:        It makes you vulnerable to fire.
   rElec:     It insulates you from electricity.
   Regen:     It increases your rate of health regeneration.
 C - a +0 cloak (worn)
 N - a +0 pair of gloves (worn)
 O - a +0 troll leather armour
Magical Staves
 t - a staff of fire
Jewellery
 c - an amulet of guardian spirit
 k - a +4 ring of protection (left hand)
 q - a ring of protection from fire (right hand)
 y - a +6 ring of strength
Wands
 v - a wand of acid (6)
 E - a wand of digging (5)
 G - a wand of charming (13)
 J - a wand of iceblast (9)
 S - a wand of mindburst (10)
Scrolls
 e - 4 scrolls of immolation
 h - 3 scrolls of fog
 l - a scroll of teleportation
 n - 2 scrolls of brand weapon
 p - 2 scrolls of enchant weapon
 x - 2 scrolls of enchant armour
 I - a scroll of amnesia {unknown}
 K - 2 scrolls of magic mapping {unknown}
 P - a scroll of fear {unknown}
 Q - a scroll of blinking {unknown}
 R - a scroll of holy word {unknown}
 T - a scroll of identify
Potions
 d - 3 potions of mutation {unknown}
 f - 5 potions of degeneration {unknown}
 i - 3 potions of attraction {unknown}
 j - 2 potions of ambrosia {unknown}
 o - 7 potions of curing {unknown}
 r - 2 potions of might {unknown}
 u - 3 potions of cancellation {unknown}
 w - 2 potions of heal wounds {unknown}
 z - 2 potions of berserk rage {unknown}
 A - 3 potions of lignification {unknown}
 D - 5 potions of flight {unknown}
 F - a potion of magic {unknown}
 H - 2 potions of brilliance {unknown}
 L - a potion of haste {unknown}


   Skills:
 + Level 3.5 Fighting
 + Level 4.7 Dodging
 - Level 2.0 Stealth
 + Level 10.0 Spellcasting
 + Level 13.6 Conjurations
 + Level 17.4 Air Magic


You had 8 spell levels left.
You knew the following spells:

 Your Spells              Type           Power      Damage    Failure   Level
a - Shock                 Conj/Air       100%       1d9       0%          1
b - Static Discharge      Conj/Air       66%        N/A       0%          2
c - Airstrike             Air            35%        N/A       1%          4
d - Swiftness             Air            70%        N/A       0%          3
e - Lightning Bolt        Conj/Air       33%        1d50      1%          5
f - Maxwell's Capacitive  Air            35%        ∞         9%          8

Your spell library contained the following spells:

 Spells                   Type           Power      Damage    Failure   Level
 Stone Arrow              Conj/Erth      78%        3d11      1%          3
 Blink                    Tloc           20%        N/A       10%         2
 Ensorcelled Hibernation  Hex/Ice        20%        N/A       10%         2
 Tukima's Dance           Hex            10%        N/A       19%         3
 Cause Fear               Hex            5%         N/A       54%         4
 Storm Form               Tmut/Air       23%        N/A       83%         7
 Manifold Assault         Tloc           10%        N/A       87%         5
 Dragon Form              Tmut           5%         N/A       100%        7
 Dragon's Call            Summ           5%         N/A       100%        9


Dungeon Overview and Level Annotations

Branches:
Dungeon (10/15)            Temple (0/1) D:4            Lair (3/6) D:10
Volcano (visited)
  Swamp: Lair:2-4    Shoals: Lair:2-4     Snake: Lair:2-4    Spider: Lair:2-4
    Orc: D:9-12

Altars:
Cheibriados
Makhleb
Nemelex Xobeh
Ru
Sif Muna
Trog
Vehumet
Zin
The Shining One

Shops:
D:2 ?   D:9 :   D:10 (

Annotations:
D:4 3 runed translucent doors, RNPValinor's ghost, amateur DsFi


Innate Abilities, Weirdness & Mutations

You have a beak for a mouth.
You have claws for feet.
Your magical nature lets you fly swiftly and evasively.


Message History

You peck the death yak.
The death yak is lightly wounded.
The death yak closely misses you. The death yak gores you!!
You hit the death yak.
The death yak resists with almost no effort.
You claw the death yak, but do no damage.
The death yak is moderately wounded.
The death yak gores you! The death yak completely misses you.
You hit the death yak. You burn the death yak. You claw the death yak.
The death yak is moderately wounded.
The death yak gores you! The death yak closely misses you.
Casting: Lightning Bolt (safe; 1% risk of failure)
Confirm with . or Enter, or press ? or * to list all spells.
The death yak is struck by an arc of lightning!
The death yak is heavily wounded.
You resist.
You are struck by an arc of lightning.
The death yak is struck by an arc of lightning.
The death yak is heavily wounded.
You resist.
You are struck by an arc of lightning.
The lightning grounds out.
The death yak gores you!!
* * * LOW HITPOINT WARNING * * *
Okay, then.
Casting: Static Discharge (safe; 0% risk of failure)
Confirm with . or Enter, or press ? or * to list all spells.
Aiming: Shock (safe; 0% risk of failure)
Press: ? - help, Shift-Dir - straight line, f - death yak
Aim: a death yak (heavily wounded, fast, 91% to hit)
Okay, then.
Okay, then.
Okay, then.
Casting: Shock (safe; 0% risk of failure)
Confirm with . or Enter, or press ? or * to list all spells.
Aiming: Airstrike (safe; 1% risk of failure)
Press: ? - help, Dir - move target, f - death yak
Aim: a death yak (heavily wounded, fast, empty space bonus: 2/8)
Okay, then.
Casting: Airstrike (safe; 1% risk of failure)
Confirm with . or Enter, or press ? or * to list all spells.
You feel quick. The death yak gores you!
You die...

#.........#.#..P#
#####
##.........#...##
#.......#....##
##.......#...#
##.......##.##
#.#......##.##
#.#.#....##..#
########.##..# ####
####.@# #### ####..##
####Y# ##...
#......###.##.# #....
##P.......###.# #....
#.........##.# #....
#............## ##....
#.............##
#.....
#..............####
#.....
##............P....###
##.....


You could see a death yak (fast).

Vanquished Creatures
  Josephine (D:10)
  4 hydras (Lair:2)
  2 two-headed ogres (D:9)
  6 death yaks
  Pikel (D:7)
  An ugly thing (D:10)
  Joseph (D:8)
  2 cane toads
  A komodo dragon (D:9)
  A troll (D:10)
  A hornet (D:9)
  12 yaks
  7 wraiths
  3 wyverns (Lair:2)
  A basilisk (Lair:1)
  5 fire bats
  2 vampire mosquitoes (D:9)
  Menkaure (D:5)
  3 water moccasins
  4 orc warriors
  A hornet zombie (D:8)
  An ice beast (D:8)
  3 sky beasts
  2 necrophages
  A wolf (Lair:3)
  An ogre (D:6)
  3 centaurs
  Blork the orc (D:5)
  3 bullfrogs
  A kobold brigand (D:8)
  3 scorpions
  A water moccasin zombie (D:4)
  2 water moccasin skeletons
  4 killer bees
  8 wights
  9 crimson imps (D:8)
  8 centaur zombies
  A bullfrog zombie (D:6)
  A lava snake (Volcano)
  4 hounds
  4 orc priests
  Crazy Yiuf (D:6)
  Jessica (D:3)
  5 iguanas
  6 orc wizards
  A hound zombie (D:5)
  3 gnolls (D:2)
  6 adders
  2 shadow imps
  A white imp (D:7)
  An ufetubus (D:5)
  An adder zombie (D:5)
  3 worms
  2 dart slugs
  31 orcs
  3 bats
  10 endoplasms
  8 giant cockroaches
  4 goblins
  5 hobgoblins
  4 jackals (D:1)
  5 quokkas
  7 ball pythons
  3 frilled lizards
  4 kobolds
  2 rats (D:2)
240 creatures vanquished.

Vanquished Creatures (others)
  3 fungi (Lair:2)
  17 plants
20 creatures vanquished.

Grand Total: 260 creatures vanquished

Notes
Turn   | Place    | Note
-------+----------+-------------------------------------------
     0 | D:1      | Gwenloh the Tengu Air Elementalist began the quest for the
                  | Orb.
     0 | D:1      | Reached XP level 1. HP: 10/10 MP: 4/4
   313 | D:1      | Reached XP level 2. HP: 15/15 MP: 4/6
   316 | D:1      | Learned a level 2 spell: Static Discharge
   998 | D:1      | Reached XP level 3. HP: 19/19 MP: 1/7
  1167 | D:1      | Learned a level 3 spell: Swiftness
  1487 | D:2      | Reached XP level 4. HP: 19/24 MP: 1/9
  1661 | D:2      | Reached skill level 5 in Air Magic
  2273 | D:2      | Found Hicihes Teof's Magic Scroll Shop.
  2300 | D:2      | Found a faded altar of an unknown god.
  2572 | D:3      | Gained mutation: Your magical nature lets you fly swiftly
                  | and evasively. [Tengu growth]
  2572 | D:3      | Reached XP level 5. HP: 28/28 MP: 3/10
  2682 | D:3      | Learned a level 4 spell: Airstrike
  2847 | D:3      | Found a glowing silver altar of Zin.
  3082 | D:3      | Noticed Jessica
  3090 | D:3      | Killed Jessica
  3783 | D:4      | Found a staircase to the Ecumenical Temple.
  3821 | D:4      | Reached XP level 6. HP: 16/32 MP: 2/12
  4034 | D:4      | Reached skill level 6 in Air Magic
  4218 | D:4      | Found a runed translucent gate.
  4218 | D:4      | Found a runed translucent gate.
  4218 | D:4      | Found a runed translucent gate.
  4220 | D:4      | Noticed RNPValinor's ghost (amateur DsFi)
  4278 | D:4      | Reached skill level 5 in Conjurations
  4533 | D:4      | Found a radiant altar of Vehumet.
  4550 | D:4      | Became a worshipper of Vehumet
  4652 | D:4      | Identified the +1 robe of Conscience {rElec rF- Regen+
                  | Str+6}
  4967 | D:5      | Entered Level 5 of the Dungeon
  5106 | D:5      | Noticed a necrophage
  5183 | D:5      | Noticed Menkaure
  5186 | D:5      | Killed Menkaure
  5187 | D:5      | Reached XP level 7. HP: 36/36 MP: 1/14
  5290 | D:5      | Reached skill level 7 in Air Magic
  5434 | D:5      | Noticed Blork the orc
  5550 | D:5      | Killed Blork the orc
  5965 | D:5      | Reached skill level 5 in Spellcasting
  5965 | D:5      | Reached XP level 8. HP: 41/41 MP: 11/16
  6318 | D:5      | Found a bloodstained altar of Trog.
  6328 | D:5      | Found a sparkling altar of Nemelex Xobeh.
  6373 | D:5      | Reached skill level 8 in Air Magic
  6624 | D:6      | Found a runed translucent door.
  6625 | D:6      | Noticed Crazy Yiuf
  7052 | D:6      | Found a sacrificial altar of Ru.
  7229 | D:6      | Reached skill level 9 in Air Magic
  7978 | D:6      | Killed Crazy Yiuf
  8542 | D:7      | Reached XP level 9. HP: 45/45 MP: 10/19
  8548 | D:7      | Reached skill level 10 in Air Magic
  9126 | D:7      | Reached * piety under Vehumet
  9126 | D:7      | Offered knowledge of Sandblast by Vehumet.
  9263 | D:8      | Noticed Pikel
  9263 | D:8      | Noticed Joseph
  9270 | D:7      | Killed Pikel
  9271 | D:7      | Reached skill level 11 in Air Magic
  9855 | D:8      | Reached skill level 12 in Air Magic
  9995 | D:8      | Reached XP level 10. HP: 43/50 MP: 1/21
 10393 | D:8      | Reached skill level 10 in Conjurations
 10418 | D:8      | Reached ** piety under Vehumet
 10418 | D:8      | Offered knowledge of Magic Dart by Vehumet.
 10660 | D:8      | Noticed a torpor snail
 10665 | D:8      | Found a snail-covered altar of Cheibriados.
 10665 | D:8      | Noticed a torpor snail
 10667 | D:8      | Noticed a torpor snail
 10717 | D:8      | Killed Joseph
 10727 | D:8      | Reached skill level 13 in Air Magic
 10867 | D:8      | Found a shimmering blue altar of Sif Muna.
 11138 | D:9      | Found Waxy's Book Boutique.
 11357 | D:9      | Found a burning altar of Makhleb.
 11574 | D:9      | Noticed a two-headed ogre
 11580 | D:9      | Killed a two-headed ogre
 11715 | D:9      | Offered knowledge of Conjure Flame by Vehumet.
 11941 | D:9      | Reached skill level 14 in Air Magic
 12123 | D:9      | Noticed a two-headed ogre
 12128 | D:9      | Killed a two-headed ogre
 12337 | D:9      | Reached XP level 11. HP: 54/54 MP: 17/24
 12474 | D:10     | Entered Level 10 of the Dungeon
 12483 | D:10     | Found Keoc's Antique Weapon Shop.
 12557 | D:10     | Reached skill level 15 in Air Magic
 12648 | D:10     | Found a glowing golden altar of the Shining One.
 12705 | D:10     | Noticed Josephine
 12857 | D:10     | Killed Josephine
 13351 | D:10     | Noticed a death yak
 13422 | D:10     | Noticed a death yak
 13425 | D:10     | Noticed a death yak
 13449 | D:9      | Reached *** piety under Vehumet
 13592 | D:10     | Killed a death yak
 13719 | D:10     | Killed a death yak
 13720 | D:10     | Reached skill level 16 in Air Magic
 13790 | D:10     | Found a staircase to the Lair.
 13791 | D:10     | Noticed a death yak
 13791 | D:10     | Noticed a death yak
 13813 | D:10     | Killed a death yak
 13959 | D:10     | Killed a death yak
 14264 | D:10     | Noticed an orc knight
 14322 | D:10     | Noticed a red ugly thing
 14331 | D:10     | Noticed a red ugly thing
 14331 | D:10     | Noticed a boulder beetle
 14406 | D:10     | Noticed a death yak
 14416 | D:9      | Killed a death yak
 14417 | D:9      | Reached XP level 12. HP: 57/59 MP: 18/26
 14468 | D:10     | Killed a death yak
 14659 | D:10     | Reached skill level 1 in Fighting
 14859 | D:10     | HP: 2/60 [orc knight/bolt (6)]
 14987 | D:9      | Bought a book of Lightning for 504 gold pieces
 14993 | D:9      | Learned a level 5 spell: Lightning Bolt
 15002 | D:9      | Learned a level 8 spell: Maxwell's Capacitive Coupling
 15124 | Lair:1   | Entered Level 1 of the Lair of Beasts
 15411 | Lair:1   | Reached skill level 17 in Air Magic
 15801 | Lair:1   | Found a dark tunnel.
 15810 | Volcano  | Entered a volcano
 16415 | Lair:2   | Noticed an eight-headed hydra
 16421 | Lair:2   | Killed an eight-headed hydra
 16485 | Lair:2   | Noticed a seven-headed hydra
 16489 | Lair:2   | Killed a seven-headed hydra
 16537 | Lair:2   | Noticed a six-headed hydra
 16569 | Lair:2   | Killed a six-headed hydra
 16698 | Lair:2   | Noticed a four-headed hydra
 16704 | Lair:2   | Killed a four-headed hydra
 16710 | Lair:2   | Offered knowledge of Stone Arrow by Vehumet.
 17065 | Lair:2   | Reached skill level 10 in Spellcasting
 17667 | Lair:3   | Noticed a death yak
 17667 | Lair:3   | Noticed a death yak
 17667 | Lair:3   | Noticed a death yak
 17667 | Lair:3   | Noticed a death yak
 17673 | Lair:2   | HP: 1/64 [death yak (24)]
 17674 | Lair:2   | Demolished by a death yak

Illustrated notes

Levels and vault maps discovered:
D:1:      lemuel_arrival_cross, layout_loops_cross, minmay_misc_feat_ornament,
          minmay_box_of_dots
D:2:      cheibrodos_helix_gallery, layout_loops_ring,
          nicolae_ecumenical_oubliette, serial_shops, shop
D:3:      layout_basic, mainiacjoe_overflow_24_doors, uniq_jessica
D:4:      layout_gridville, nicolae_vehumet_radiance,
          minmay_temple_entry_from_below_b, gammafunk_ghost_nasty_kobolds
D:5:      layout_basic, mainiacjoe_overflow_big_doors, portal_sewer_entry_f,
          uniq_blork_the_orc, uniq_menkaure
D:6:      layout_loops_corners, lemuel_doored_altar,
          minmay_misc_feat_nine_boxes, uniq_crazy_yiuf_cottage
D:7:      layout_gridville
D:8:      minmay_evil_eye, layout_rooms, nicolae_overflow_hidden_temple,
          cheibriados_altar_2, minmay_nine_imps, uniq_pikel, uniq_joseph
D:9:      layout_roguey, mainiacjoe_overflow_surrounded_room, serial_shops, shop
D:10:     layout_roguey, tso_metal_star, dpeg_lair_monsters, serial_shops,
          nicolae_stop_n_shop_2, minmay_shattered_shrine, uniq_josephine
Lair:1:   layout_regular_city, nicolae_volcano_entry_batcave
Lair:2:   layout_cave_pods
Lair:3:   layout_cave_shapes, minmay_shoals_entry_hut,
          minmay_snake_entry_six_corridors, st_stairs_6, serial_bayou_shore_a,
          grunt_megastairs_2

Skill      XL: |  1  2  3  4  5  6  7  8  9 10 11 12 |
---------------+-------------------------------------+-----
Conjurations   | 2 3 4 5 6 8 9 11 12 13 | 13.6
Air Magic      | 5 6 7 9 12 14 16 17 | 17.4
Spellcasting   | 3 4 5 6 7 8 9 10 | 10.0
Fighting       | 3 |  3.5
Dodging        | 4 |  4.7
Stealth        | |  2.0

Action                   |  1- 3 |  4- 6 |  7- 9 | 10-12 || total
-------------------------+-------+-------+-------+-------++-------
Melee: Unarmed           |     3 |       |       |       ||     3
       Dagger            |    12 |    17 |     9 |       ||    38
       Peck              |     1 |     3 |     5 |     5 ||    14
       Kick              |       |     2 |     8 |    17 ||    27
       Quarterstaff      |       |       |    12 |    43 ||    55
 Cast: Shock             |    64 |   125 |   104 |   132 ||   425
       Static Discharge  |     2 |    20 |    52 |    92 ||   166
       Airstrike         |       |     3 |    38 |   116 ||   157
       Swiftness         |       |     1 |     1 |     4 ||     6
       Maxwell's Capacit |       |       |       |     4 ||     4
       Lightning Bolt    |       |       |       |     1 ||     1
  Use: Scroll            |       |       |       |     7 ||     7
Armor: Robe              |     4 |     7 |    20 |    58 ||    89
Dodge: Dodged            |    19 |    33 |    43 |   105 ||   200

Table legend: (Time is in decaauts)
 A = Elapsed time spent in this place.
 B = Non-inter-level travel time spent in this place.
 C = Inter-level travel time spent in this place.
 D = Time resting spent in this place.
 E = Time spent auto-exploring this place.
 F = Levels seen in this place.
 G = Mean time per level.
                   A        B        C        D        E       F      G
               +--------+--------+--------+--------+--------+-----+--------+
         Total |  16936 |  16366 |    570 |   2703 |  11159 |  14 | 1209.7 |
       Dungeon |  14641 |  14189 |    452 |   2335 |   9822 |  10 | 1464.1 |
          Lair |   2073 |   1956 |    117 |    287 |   1321 |   3 |  691.0 |
       Volcano |    222 |    222 |      0 |     81 |     16 |   1 |  222.0 |
               +--------+--------+--------+--------+--------+-----+--------+

Top non-repeatable levels by time:
    D:10: 2158 daAuts
     D:9: 1715 daAuts
     D:8: 1595 daAuts
     D:6: 1528 daAuts
     D:4: 1461 daAuts
     D:5: 1304 daAuts
     D:7: 1302 daAuts
     D:2: 1250 daAuts
     D:1: 1249 daAuts
  Lair:2: 1154 daAuts
     D:3: 1075 daAuts
  Lair:1: 904 daAuts
 Volcano: 222 daAuts
  Lair:3: 14 daAuts
